 Dungeon Crawl Stone Soup version 0.32-a0-913-g739538afd8 (webtiles) character file.

Game seed: 10695307597157638731

15635 Fodor the Blocker (level 12, -22/104 HPs)
             Began as a Minotaur Fighter on Apr 9, 2024.
             Was an Initiate of Gozag.
             Killed from afar by a war gargoyle (23 damage)
             ... with a spray of metal splinters
             ... on level 11 of the Dungeon.
             The game lasted 00:33:59 (9341 turns).

Fodor the Blocker (Minotaur Fighter)                Turns: 9341, Time: 00:34:01

Health: -22/104    AC: 19    Str: 26    XL:     12   Next: 3%
Magic:  11/11      EV:  7    Int:  9    God:    Gozag
Gold:   655        SH: 20    Dex: 15    Spells: 11/11 levels left

rFire   . . .        u - +2 war axe (heavy)
rCold   . . .        n - +2 tower shield
rNeg    . . .        L - +0 plate armour
rPois   .            (helmet restricted)
rElec   .            J - +1 cloak
rCorr   +            I - +0 pair of gloves
SInv    .            N - +0 pair of boots
Will    .....        q - amulet of Day {Regen+ Int+4 Dex+5} Stlth
                     j - ring of resist corrosion
HPRegen 1.17/turn    (no ring)
MPRegen 0.12/turn

%: no passive effects
@: mighty, on berserk cooldown, slowed, very slow
A: horns 2, retaliatory headbutt
a: Renounce Religion, Potion Petition, Call Merchant, Bribe Branch


You were on level 11 of the Dungeon.
You worshipped Gozag.
Gozag was pleased with you.
You visited 2 branches of the dungeon, and saw 12 of its levels.

You collected 867 gold pieces.
You paid 212 gold pieces to Gozag.

Inventory:

Hand Weapons
 u - a +2 heavy war axe (weapon)
 C - a +0 orcbow
 Q - a +4 battleaxe
Missiles
 a - 3 silver javelins (quivered)
 x - 8 boomerangs
Armour
 h - a +0 chain mail
 n - a +2 tower shield (worn)
 I - a +0 pair of gloves (worn)
 J - a +1 cloak (worn)
 L - a +0 plate armour (worn)
 N - a +0 pair of boots (worn)
Jewellery
 j - a ring of resist corrosion (left hand)
 q - the amulet of Day (around neck) {Regen+ Int+4 Dex+5}
   (You found it on level 4 of the Dungeon)

   [amulet of regeneration]

   Int+4:     It affects your intelligence (+4).
   Dex+5:     It affects your dexterity (+5).
   Regen+:    It increases your rate of health regeneration.
 s - a ring of protection from cold
 t - a ring of willpower
 v - a ring of magical power
 y - an amulet of faith
 M - a ring of wizardry
 T - a ring of protection from fire
Wands
 z - a wand of quicksilver (19)
 A - a wand of polymorph (10)
 D - a wand of flame (48)
 F - a wand of mindburst (9)
Scrolls
 c - 2 scrolls of poison
 f - 6 scrolls of teleportation
 g - 2 scrolls of fear
 m - 2 scrolls of immolation
 w - a scroll of brand weapon
 E - a scroll of torment {unknown}
 G - 3 scrolls of noise {unknown}
 K - a scroll of amnesia
 O - a scroll of acquirement {unknown}
 R - a scroll of identify
 S - a scroll of enchant armour {unknown}
Potions
 b - 2 potions of degeneration {unknown}
 d - 3 potions of might
 e - a potion of lignification {unknown}
 i - 2 potions of ambrosia {unknown}
 k - a potion of berserk rage
 l - 3 potions of heal wounds
 o - 2 potions of resistance {unknown}
 p - 2 potions of mutation {unknown}
 r - 4 potions of curing {unknown}
 B - a potion of magic {unknown}
 H - 2 potions of attraction {unknown}
 P - 2 potions of enlightenment {unknown}


   Skills:
 + Level 9.2 Fighting
 + Level 12.2(13.1) Axes
 + Level 7.9(11.1) Maces & Flails
 + Level 1.7 Throwing
 + Level 9.9 Armour
 + Level 4.0 Dodging
 + Level 2.3 Stealth
 + Level 13.0 Shields


You had 11 spell levels left.
You didn't know any spells.
Your spell library contained the following spells:

 Spells                   Type           Power      Damage    Failure   Level
 Necrotise                Necr           0%         1d4       100%        1
 Sandblast                Erth           0%         2d4       100%        1
 Slow                     Hex            0%         N/A       100%        1
 Ensorcelled Hibernation  Hex/Ice        0%         N/A       100%        2
 Confusing Touch          Hex            0%         N/A       100%        3
 Passwall                 Erth           0%         N/A       100%        3
 Stone Arrow              Conj/Erth      0%         3d7       100%        3
 Swiftness                Air            0%         N/A       100%        3
 Tukima's Dance           Hex            0%         N/A       100%        3
 Vampiric Draining        Necr           0%         2d6       100%        3
 Brom's Barrelling Bould  Conj/Erth      0%         2d3       100%        4
 Martyr's Knell           Necr/Summ      0%         N/A       100%        4
 Passage of Golubria      Tloc           0%         N/A       100%        4
 Curse of Agony           Necr           0%         N/A       100%        5
 Yara's Violent Unravell  Hex/Alch       0%         3d3       100%        5


Dungeon Overview and Level Annotations

Branches:
Dungeon (11/15)            Temple (1/1) D:4            Lair (0/5) D:9
    Orc (0/2) D:10

Altars:
Ashenzari
Cheibriados
Dithmenos
Elyvilon
Fedhas
Gozag
Hepliaklqana
Kikubaaqudgha
Makhleb
Nemelex Xobeh
Okawaru
Qazlal
Ru
Sif Muna
Trog
Uskayaw
Vehumet
Wu Jian
Xom
Yredelemnul
Zin
The Shining One

Shops:
D:3 (   D:7 (


Innate Abilities, Weirdness & Mutations

You have a pair of horns on your head.
You reflexively headbutt those who attack you in melee.


Message History

The war gargoyle launches metal splinters at you.
The spray of metal splinters misses you.
The stone giant throws a large rock.
You block the large rock.
Okay, then.
The war gargoyle launches metal splinters at you.
The spray of metal splinters hits you.
You block the skeletal warrior's attack.
The war gargoyle hits you with a +2 dire flail of protection!
You block the skeletal warrior's attack.
You block the stone giant's attack.
Things that are here:
6 gold pieces; the +8 Wrath of Trog {antimagic, *Rage Rampage} You slash the stone giant!
The stone giant is heavily wounded.
You hit the war gargoyle. You block the war gargoyle's attack.
The war gargoyle launches metal splinters at you.
You block the spray of metal splinters.
The boulder beetle leaps!
The skeletal warrior is distracted by your dazzling golden aura.
You block the stone giant's attack.
The war gargoyle hits you with a +2 dire flail of protection!!!
* * * LOW HITPOINT WARNING * * *
The orc is distracted by your dazzling golden aura.
The stone giant hits you.
* * * LOW HITPOINT WARNING * * *
The orc shouts!
You hear a shout!
Unknown command.
You hit the war gargoyle.
You headbutt the war gargoyle, but do no damage.
The war gargoyle is lightly damaged.
You hit the stone giant.
The skeletal warrior is no longer distracted by gold.
You block the war gargoyle's attack. x2
The boulder beetle curls into a ball and begins rolling!
You block the skeletal warrior's attack.
The stone giant hits you.
* * * LOW HITPOINT WARNING * * *
The war gargoyle launches metal splinters at you.
The spray of metal splinters hits you!!
You die...
Your body crumbles into a pile of gold.

###........>.##
................
.###............
######..........<
................
................
#######)#.......
###))...#...
#.@))).##.##
#9#C#### # #z$$#
,...##W#B#
.l.o..Oo$$#
.#).#.###.# #....
#.# . .#... #$#
.. #...#..##.#
...


You could see a stone giant, a boulder beetle (rolling), a skeletal warrior, a
two-headed ogre, a war gargoyle (catching breath), a shadow and an orc.

Vanquished Creatures
  A fire giant (D:11)
  A stone giant (D:11)
  A centaur warrior (D:11)
  4 two-headed ogres
  A deep troll earth mage (D:11)
  A deep elf pyromancer (D:11)
  A cyclops (D:11)
  A manticore (D:11)
  Maurice (D:8)
  Joseph (D:7)
  2 kobold demonologists (D:11)
  An efreet (D:11)
  The ghost of HilariousDeathArtist the Trooper, an amateur CoMo (D:4)
  3 trolls
  A shadow (D:6)
  2 wyverns
  A wraith (D:9)
  15 yaks
  Menkaure (D:4)
  An acid dragon (D:10)
  A water moccasin (D:6)
  Duvessa (D:5)
  An ice beast (D:5)
  2 black bears
  5 orc warriors
  A wolf (D:9)
  5 centaurs (D:11)
  3 phantoms
  2 kobold brigands
  3 bullfrogs
  3 gnoll sergeants
  4 scorpions
  10 wights
  Dowan (D:5)
  3 electric eels (D:9)
  2 howler monkeys
  3 bombardier beetles
  2 jellies
  7 orc priests
  6 hounds
  2 gnoll boudas
  Crazy Yiuf (D:5)
  2 iguanas (D:5)
  2 sleepcaps
  Ijyb (D:5)
  6 orc wizards
  20 gnolls
  8 adders
  A shadow imp (D:6)
  A ribbon worm (D:2)
  5 dart slugs
  29 orcs
  3 bats
  7 endoplasms
  2 giant cockroaches
  4 goblins
  8 hobgoblins
  5 jackals
  2 quokkas
  2 ball pythons
  3 frilled lizards
  12 kobolds
  8 rats
240 creatures vanquished.

Vanquished Creatures (others)
  A yak (D:11)
1 creature vanquished.

Grand Total: 241 creatures vanquished

Notes
Turn   | Place    | Note
-------+----------+-------------------------------------------
     0 | D:1      | Fodor the Minotaur Fighter began the quest for the Orb.
     0 | D:1      | Reached XP level 1. HP: 19/19 MP: 0/0
   162 | D:1      | Reached XP level 2. HP: 25/27 MP: 1/1
   317 | D:1      | Found a faded altar of an unknown god.
   421 | D:1      | Reached skill level 4 in Shields
   723 | D:2      | Reached XP level 3. HP: 31/33 MP: 2/2
   986 | D:2      | Reached XP level 4. HP: 40/40 MP: 3/3
  1489 | D:3      | Found Aneyq's Antique Weapon Boutique.
  1554 | D:3      | Found a faded altar of an unknown god.
  1554 | D:3      | Found a faded altar of an unknown god.
  1561 | D:3      | Found a shadowy altar of Dithmenos.
  1563 | D:3      | Found an ancient bone altar of Kikubaaqudgha.
  1565 | D:3      | Found a shimmering blue altar of Sif Muna.
  2103 | D:3      | Reached XP level 5. HP: 47/47 MP: 4/4
  2327 | D:4      | You fall into a shaft and drop 1 floor!
  2327 | D:5      | Entered Level 5 of the Dungeon
  2434 | D:4      | Identified the amulet of Day {Regen+ Int+4 Dex+5}
  2515 | D:4      | Found a large runed translucent door.
  2517 | D:4      | Found a large runed translucent door.
  2521 | D:4      | Noticed HilariousDeathArtist's ghost (amateur CoMo)
  2537 | D:4      | Noticed Menkaure
  2543 | D:4      | Killed Menkaure
  2544 | D:4      | Reached skill level 5 in Axes
  2544 | D:4      | Reached skill level 5 in Shields
  2544 | D:4      | Reached XP level 6. HP: 24/53 MP: 5/5
  2783 | D:4      | Found a staircase to the Ecumenical Temple.
  2792 | Temple   | Entered the Ecumenical Temple
  2864 | D:4      | Reached skill level 5 in Fighting
  3373 | D:4      | Killed HilariousDeathArtist's ghost
  3374 | D:4      | Reached skill level 5 in Armour
  3374 | D:4      | Reached skill level 6 in Shields
  3374 | D:4      | Reached XP level 7. HP: 55/61 MP: 6/6
  3579 | D:5      | Noticed Duvessa
  3590 | D:5      | Killed Duvessa
  3591 | D:5      | Reached skill level 1 in Dodging
  3591 | D:5      | Reached XP level 8. HP: 60/70 MP: 7/7
  3594 | D:5      | Noticed Dowan
  3597 | D:5      | Killed Dowan
  3626 | D:5      | Reached skill level 7 in Shields
  3673 | D:5      | Found a runed translucent door.
  3674 | D:5      | Noticed Crazy Yiuf
  3682 | D:5      | Killed Crazy Yiuf
  3746 | D:5      | Noticed Ijyb
  3750 | D:5      | Killed Ijyb
  3970 | D:5      | Found a faded altar of an unknown god.
  3972 | D:5      | Found a hazy altar of Hepliaklqana.
  4147 | D:6      | Reached skill level 1 in Maces & Flails
  4535 | D:6      | Reached XP level 9. HP: 77/78 MP: 8/8
  4558 | D:6      | Reached skill level 8 in Shields
  4627 | D:6      | Reached skill level 1 in Throwing
  4822 | D:6      | Reached skill level 5 in Maces & Flails
  5251 | D:7      | Reached skill level 9 in Shields
  5322 | D:7      | Found Qecol's Weapon Shop.
  5400 | D:7      | Found an iron altar of Okawaru.
  5501 | D:7      | Noticed Joseph
  5516 | D:7      | Killed Joseph
  5692 | D:7      | Reached skill level 10 in Shields
  5692 | D:7      | Reached XP level 10. HP: 74/86 MP: 9/9
  6592 | D:8      | Noticed Maurice
  6596 | D:8      | Something stole an amulet of faith
  6598 | D:8      | Something stole 3 silver javelins
  6598 | D:8      | Something stole 208 gold
  6599 | D:8      | Something stole 244 gold
  6610 | D:8      | Killed Maurice
  6611 | D:8      | Found a snail-covered altar of Cheibriados.
  6920 | D:8      | Found a sacrificial altar of Ru.
  6926 | D:8      | Found a sparkling altar of Nemelex Xobeh.
  7253 | D:9      | Found a stormy altar of Qazlal.
  7262 | D:9      | Reached skill level 1 in Stealth
  7301 | D:9      | Noticed a two-headed ogre
  7308 | D:9      | Killed a two-headed ogre
  7309 | D:9      | Reached skill level 11 in Shields
  7324 | D:9      | Noticed a two-headed ogre
  7331 | D:9      | Killed a two-headed ogre
  7466 | D:9      | Found an ornate altar of the Wu Jian Council.
  7495 | D:9      | Found a staircase to the Lair.
  7516 | D:9      | Reached XP level 11. HP: 94/94 MP: 10/10
  7535 | D:9      | Found a glowing silver altar of Zin.
  7551 | D:9      | Identified the +6 rapier of Subjectivity {flame, rC+ Will++
                  | rCorr}
  7689 | D:9      | Noticed a two-headed ogre
  7693 | D:9      | Killed a two-headed ogre
  7694 | D:9      | Reached skill level 10 in Axes
  7923 | D:9      | Found a glowing golden altar of the Shining One.
  8361 | D:10     | Entered Level 10 of the Dungeon
  8369 | D:10     | Found an opulent altar of Gozag.
  8377 | D:10     | Became a worshipper of Gozag Ym Sagoz the Greedy
  8579 | D:10     | Found a staircase to the Orcish Mines.
  8716 | D:10     | Noticed a two-headed ogre
  8722 | D:10     | Killed a two-headed ogre
  8819 | D:10     | Found a hide-covered altar of Uskayaw.
  8956 | D:10     | Found a white marble altar of Elyvilon.
  9251 | D:11     | Noticed a deep elf pyromancer
  9265 | D:11     | Reached skill level 12 in Shields
  9267 | D:11     | Noticed a fire giant
  9277 | D:11     | Killed a fire giant
  9288 | D:11     | Noticed a deep troll earth mage
  9298 | D:11     | Killed a deep elf pyromancer
  9305 | D:11     | Killed a deep troll earth mage
  9305 | D:11     | Noticed a centaur warrior
  9307 | D:11     | Noticed a stone giant
  9308 | D:11     | Noticed a stone giant
  9311 | D:11     | Noticed a boulder beetle
  9314 | D:11     | Noticed a war gargoyle
  9319 | D:11     | Killed a stone giant
  9320 | D:11     | Noticed a two-headed ogre
  9323 | D:11     | Reached skill level 13 in Shields
  9329 | D:11     | Noticed a skeletal warrior
  9329 | D:11     | Killed a centaur warrior
  9330 | D:11     | Reached XP level 12. HP: 15/104 MP: 11/11
  9340 | D:11     | HP: 4/104 [war gargoyle/+2 dire flail of protection (42)]
  9341 | D:11     | HP: 1/104 [stone giant (5)]
  9341 | D:11     | Killed from afar by a war gargoyle

Illustrated notes

Levels and vault maps discovered:
D:1:      amcnicky_arrival_flooded_fountain, layout_rooms,
          chequers_ecumenical_altar_lobes
D:2:      layout_basic, nicolae_figureground_pulse
D:3:      layout_basic, chequers_temple_overflow_minitemple, serial_shops,
          nicolae_shop_peninsula
D:4:      layout_basic, minmay_temple_entry_junction_2,
          ebering_ghost_disaster_area, uniq_menkaure
D:5:      layout_cave_pools, beargit_hepliaklqana_dungeon_heroes,
          uniq_crazy_yiuf_cottage, uniq_duvessa, uniq_ijyb
D:6:      layout_layer_cave
D:7:      layout_basic, overflow_temple_1_default, serial_shops, shop,
          uniq_joseph
D:8:      layout_basic, cheibriados_altar_1,
          mainiacjoe_overflow_large_starburst, uniq_maurice
D:9:      layout_stronghold, mainiacjoe_overflow_divided_tiny,
          nicolae_tso_carved_into_rock, grunt_qazlal_sundering, erik_lair_island
D:10:     layout_long_grid, grunt_gozag_statues, lemuel_coloured_pillars_altar,
          mainiacjoe_overflow_alcove_1, orc_0_dummy
D:11:     minmay_complete_graph, layout_rooms, nicolae_shop_overcharged_wands
Temple:   nicolae_temple_great_sept

Skill      XL: |  1  2  3  4  5  6  7  8  9 10 11 |
---------------+----------------------------------+-----
Armour         | 4 5 6 7 8 9 |  9.9
Fighting       | 4 5 6 7 8 9 |  9.2
Shields        | 4 5 6 7 10 11 13 | 13.0
Axes           | 3 4 5 6 7 8 9 12 | 12.2
Dodging        | 1 2 3 4 |  4.0
Maces & Flails | 3 6 7 |  7.9
Throwing       | 1 |  1.7
Stealth        | 1 2 |  2.3

Action                     |  1- 3 |  4- 6 |  7- 9 | 10-12 || total
---------------------------+-------+-------+-------+-------++-------
  Melee: War axe           |    51 |   115 |    73 |   172 ||   411
         Headbutt          |    12 |    17 |    48 |    58 ||   135
         Flail             |       |       |   172 |    77 ||   249
  Throw: Javelin           |       |     1 |    12 |     3 ||    16
    Use: Scroll            |       |     2 |     4 |     3 ||     9
         Potion            |       |       |       |     6 ||     6
   Stab: Distracted        |       |       |       |     4 ||     4
 Armour: Scale mail        |    16 |       |       |       ||    16
         Chain mail        |    19 |    81 |   155 |    75 ||   330
         Plate armour      |       |       |       |   125 ||   125
  Dodge: Dodged            |    19 |    21 |    45 |    48 ||   133
  Block: Buckler           |    17 |     2 |       |       ||    19
         Tower shield      |       |   118 |   264 |   351 ||   733

Table legend: (Time is in decaauts)
 A = Elapsed time spent in this place.
 B = Non-inter-level travel time spent in this place.
 C = Inter-level travel time spent in this place.
 D = Time resting spent in this place.
 E = Time spent auto-exploring this place.
 F = Levels seen in this place.
 G = Mean time per level.
                   A        B        C        D        E       F      G
               +--------+--------+--------+--------+--------+-----+--------+
         Total |   9612 |   9476 |    136 |    170 |   6429 |  12 |  801.0 |
       Dungeon |   9577 |   9441 |    136 |    170 |   6429 |  11 |  870.6 |
        Temple |     35 |     35 |      0 |      0 |      0 |   1 |   35.0 |
               +--------+--------+--------+--------+--------+-----+--------+

Top non-repeatable levels by time:
     D:8: 1248 daAuts
     D:4: 1145 daAuts
     D:9: 1140 daAuts
     D:6: 1131 daAuts
     D:7: 847 daAuts
     D:2: 832 daAuts
     D:3: 811 daAuts
    D:10: 803 daAuts
     D:5: 746 daAuts
     D:1: 641 daAuts
    D:11: 227 daAuts
  Temple: 35 daAuts
